 Dungeon Crawl Stone Soup version 0.24.0-1-gfbc8707122 (webtiles) character file.

Game seed: 16322528403545213677, levelgen mode: deterministic

191 xight the Magician (level 5, 0/28 HPs)
             Began as a Deep Elf Fire Elementalist on Oct 27, 2019.
             Slain by Grinder (6 damage)
             ... on level 3 of the Dungeon.
             The game lasted 00:06:58 (3529 turns).

xight the Magician (Deep Elf Fire Elementalist)     Turns: 3529, Time: 00:06:58

Health: 0/28       AC:  2    Str:  5    XL:     5   Next: 42%
Magic:  14/14      EV: 13    Int: 21    God:
Gold:   172        SH:  0    Dex: 15    Spells: 0/13 levels left

rFire    . . .     SeeInvis .   (no weapon)
rCold    . . .     Gourm    .   (no shield)
rNeg     . . .     Faith    .   a - +0 robe
rPois    .         Spirit   .   (no helmet)
rElec    .         Reflect  .   (no cloak)
rCorr    .         Harm     .   (no gloves)
MR       .....                  (no boots)
Stlth    ++........             (no amulet)
HPRegen  0.09/turn              (no ring)
MPRegen  0.14/turn              (no ring)

@: no status effects
A: no striking features
a: no special abilities


You were on level 3 of the Dungeon.
You were not hungry.

You visited 1 branch of the dungeon, and saw 3 of its levels.

You collected 172 gold pieces.

Inventory:

Armour
 a - a +0 robe (worn)
Jewellery
 j - an uncursed amulet of faith {unknown}
 l - a +4 amulet of reflection {unknown}
Wands
 n - a wand of polymorph (9)
Scrolls
 b - a scroll of noise {unknown}
 d - 2 scrolls of enchant weapon {unknown}
 e - a scroll of blinking {unknown}
 i - 3 scrolls of identify {unknown}
 m - a scroll of enchant armour {unknown}
Potions
 f - a potion of haste {unknown}
 g - 2 potions of curing {unknown}
 k - 2 potions of resistance {unknown}
 o - a potion of invisibility {unknown}
Comestibles
 c - 6 rations
 h - a chunk of flesh


   Skills:
 + Level 3.1 Dodging
 + Level 3.2 Stealth
 * Level 4.8 Spellcasting
 * Level 3.1 Conjurations
 * Level 4.3 Fire Magic


You couldn't memorise any spells.
You knew the following spells:

 Your Spells              Type           Power        Failure   Level  Hunger
a - Flame Tongue          Conj/Fire      ###..        2%          1    None
b - Throw Flame           Conj/Fire      ###...       3%          2    None
c - Conjure Flame         Conj/Fire      ###.....     7%          3    ##.....
d - Sticky Flame          Conj/Fire      ###.....     24%         4    ####...
g - Inner Flame           Hex/Fire       ##......     14%         3    ##.....

Your spell library contained the following spells:

 Spells                   Type           Power        Failure   Level  Hunger
 Fireball                 Conj/Fire      ###.......   54%         5    #####..


Dungeon Overview and Level Annotations

Branches:
Dungeon (3/15)

Altars:
The Shining One

Annotations:
D:2 1 runed translucent door, Crazy Yiuf
D:3 Grinder


Message History

Press: ? - help, Shift-Dir - straight line, f - hobgoblin
Aim: a hobgoblin (hasn't noticed you)
The puff of flame hits the hobgoblin!
You kill the hobgoblin!
You now have 172 gold pieces (gained 19).
You see here a hobgoblin corpse.
Grinder comes into view.
Found a stone staircase leading down.
Casting: Throw Flame (safe; 3% risk of failure)
Confirm with . or Enter, or press ? or * to list all spells.
Aiming: Throw Flame (safe; 3% risk of failure)
Press: ? - help, Shift-Dir - straight line, f - Grinder
Aim: Grinder (resting)
Okay, then.
Grinder gestures at you. Pain shoots through your body! Grinder hits you!
* * * LOW HITPOINT WARNING * * *
You writhe in agony.
You die...

#..≈≈≈.....###. #..
#.######.### #.
#.#.####.######.# #.
#.............#.#####.
#..............†....#.
#..###...###.#.÷.....
.........##.........
##.##...###.#####.#.
#.@........# #.#.
#5###.#..### #.## ...
#.#..# #.# #.## #.#..#
#.# #. #.#.>. #.# #
#.#.### #.# ..... ..#
### ### #≈


You could see Grinder.

Vanquished Creatures
  Jessica (D:3)
  Terence (D:3)
  3 adders (D:2)
  4 gnolls (D:2)
  2 oozes
  2 dart slugs
  2 ball pythons
  3 giant cockroaches
  11 goblins
  5 hobgoblins
  6 jackals
  A quokka (D:2)
  4 bats
  8 frilled lizards
  7 kobolds
  4 rats
64 creatures vanquished.

Notes
Turn   | Place    | Note
-------+----------+-------------------------------------------
     0 | D:1      | xight the Deep Elf Fire Elementalist began the quest for
                  | the Orb.
     0 | D:1      | Reached XP level 1. HP: 10/10 MP: 6/6
   411 | D:1      | Reached XP level 2. HP: 12/15 MP: 0/8
   753 | D:1      | Learned a level 2 spell: Throw Flame
  1308 | D:1      | Reached XP level 3. HP: 16/19 MP: 1/10
  1604 | D:2      | Learned a level 3 spell: Conjure Flame
  1609 | D:2      | Learned a level 3 spell: Inner Flame
  1850 | D:2      | Found a glowing golden altar of the Shining One.
  1967 | D:2      | Reached XP level 4. HP: 20/24 MP: 4/12
  2283 | D:2      | Found a runed translucent door.
  2284 | D:2      | Noticed Crazy Yiuf
  3003 | D:3      | Reached XP level 5. HP: 28/28 MP: 3/13
  3116 | D:3      | Noticed Jessica
  3118 | D:3      | Killed Jessica
  3236 | D:3      | Noticed Terence
  3245 | D:3      | Killed Terence
  3491 | D:3      | Learned a level 4 spell: Sticky Flame
  3523 | D:3      | Noticed Grinder
  3529 | D:3      | Slain by Grinder

Levels and vault maps discovered:
D:1:      scummos_arrival_hexagon, layout_loops_ring, minmay_misc_feat_alley
D:2:      layout_loops_ring, tso_metal_star, uniq_crazy_yiuf_cottage
D:3:      layout_loops_ring, serial_rivers, chequers_serial_rivers_micro_d,
          chequers_serial_rivers_micro_d, chequers_serial_rivers_micro_b,
          chequers_serial_rivers_small_3, chequers_serial_rivers_room_b,
          chequers_serial_rivers_room_a, uniq_ijyb, uniq_terence, uniq_grinder,
          uniq_jessica

Skill      XL: |  1  2  3  4  5 |
---------------+----------------+-----
Conjurations   | 2 3 |  3.1
Spellcasting   | 4 |  4.8
Fire Magic     | 4 |  4.3
Stealth        | 3 |  3.2
Dodging        | 3 |  3.1

Action                   |  1- 3 |  4- 6 || total
-------------------------+-------+-------++-------
 Cast: Flame Tongue      |    59 |    32 ||    91
       Throw Flame       |    16 |    21 ||    37
       Conjure Flame     |       |     2 ||     2
  Eat: Chunk             |     3 |     5 ||     8
Armor: Robe              |     4 |     1 ||     5
Dodge: Dodged            |    38 |     4 ||    42
